 Dungeon Crawl Stone Soup version 0.17-a0-1572-g7a1422d (webtiles) character file.

1005 karlkraus the Shield-Bearer (level 8, -5/69 HPs)
             Began as a Minotaur Fighter on July 25, 2015.
             Was an Initiate of Qazlal.
             Slain by a killer bee (7 damage)
             ... on level 5 of the Dungeon.
             The game lasted 00:14:28 (3986 turns).

karlkraus the Shield-Bearer (Minotaur Fighter)      Turns: 3986, Time: 00:14:28

Health: -5/69      AC:  9    Str: 22    XL:     8   Next: 0%
Magic:  7/7        EV: 11    Int:  5    God:    Qazlal [......]
Gold:   155        SH: 10    Dex: 11    Spells: 0 memorised, 7 levels left

rFire  . . .     SeeInvis .     a - +0 flail
rCold  . . .     Clarity  .     b - +0 scale mail
rNeg   . . .     SustAt   .     c - +0 shield
rPois  +         Gourm    .     (helmet restricted)
rElec  .         Spirit   .     f - +0 cloak
rCorr  .         Warding  .     (no gloves)
rMut   .         Stasis   .     (no boots)
MR     .....                    (no amulet)
Stlth  ..........               n - ring of poison resistance
                                l - +2 ring of evasion

@: starving, not resistant to hostile enchantments, extremely unstealthy
A: retaliatory headbutt, horns 2
a: Renounce Religion


You were on level 5 of the Dungeon.
You worshipped Qazlal.
Qazlal was noncommittal.
You were starving.

You visited 1 branch of the dungeon, and saw 5 of its levels.

You collected 155 gold pieces.

Inventory:

Hand weapons
 a - a +0 flail (weapon)
Armour
 b - a +0 scale mail (worn)
 c - a +0 shield (worn)
 f - a +0 cloak (worn)
Jewellery
 l - a +2 ring of evasion (left hand)
 n - a ring of poison resistance (right hand)
Magical devices
 x - a wand of enslavement (22)
Scrolls
 g - 2 scrolls of immolation {unknown}
 h - a scroll of amnesia {unknown}
 j - 4 scrolls of identify
 k - a scroll of enchant armour {unknown}
 m - 3 scrolls of noise
 q - 2 scrolls of recharging {unknown}
 r - a scroll of random uselessness {unknown}
 s - 3 scrolls of remove curse {unknown}
 w - 2 scrolls of fog {unknown}
 y - a scroll of enchant weapon {unknown}
 z - a scroll of fear {unknown}
 A - a scroll of acquirement {unknown}
Potions
 p - 2 potions of curing {unknown}
 t - a potion of lignification {unknown}
 u - 2 potions of flight {unknown}
 v - a potion of haste
Comestibles
 d - 8 fruits
 e - 2 bread rations
 i - a beef jerky
 o - a meat ration


   Skills:
 + Level 5.4 Fighting
 + Level 5.5 Maces & Flails
 + Level 6.6 Armour
 + Level 3.7 Dodging
 + Level 6.6 Shields


You had 7 spell levels left.
You didn't know any spells.

Dungeon Overview and Level Annotations

Branches:
Dungeon (5/15)
 Temple: D:4-7

Altars:
Gozag
Makhleb
Okawaru
Qazlal


Innate Abilities, Weirdness & Mutations

You reflexively headbutt those who attack you in melee.
You have a pair of horns on your head.


Message History

The killer bee stings you but does no damage.
You hit the killer bee but do no damage.
The killer bee closely misses you. x2
You barely miss the killer bee.
The killer bee stings you but does no damage.
You block the killer bee's attack.
You miss the killer bee. Your headbutt misses the killer bee.
The killer bee barely misses you. x2
The killer bee stings you.
* * * LOW HITPOINT WARNING * * *
You closely miss the killer bee. You block the killer bee's attack.
The killer bee stings you.
* * * LOW HITPOINT WARNING * * *
You barely miss the killer bee.
The killer bee stings you but does no damage.
The killer bee barely misses you.
Your shield and scale mail prevent you from hitting the killer bee.
Your headbutt misses the killer bee. You block the killer bee's attack.
You block the killer bee's attack. The killer bee stings you!
You die...

####...####.................
##### ####..............
#.........#....
##...#.........
####.#.##....####
#....#.##.#...... ########
##.####.##.#......
##......###..# #.##........
##........##@## #.###.......
#..........#y# #.# #.#...#.
#...........Z# #.###.#..##.
#..........### ##........##.
#..........# #........###.
#.(........# ##..._...####.
##........######...........#.
#..........##...........##...
#...............(.......#####


You could see a killer bee and an adder zombie.

Vanquished Creatures
  Grinder (D:3)
  A phantom (D:4)
  A centaur (D:3)
  An ice beast (D:5)
  2 killer bees (D:5)
  A hound (D:3)
  2 crimson imps
  A gnoll shaman (D:4)
  A giant frog skeleton (D:4)
  2 orc wizards (D:5)
  A worker ant (D:4)
  A worker ant zombie (D:5)
  4 gnolls
  4 adders
  A shadow imp (D:5)
  An ooze (D:3)
  3 worms
  7 orcs
  A bat skeleton (D:4)
  8 giant cockroaches
  8 hobgoblins
  5 jackals (D:2)
  11 kobolds
  3 quokkas
  12 bats
  6 giant geckos
  5 giant newts
  12 goblins
  12 rats
118 creatures vanquished.

Notes
Turn   | Place    | Note
--------------------------------------------------------------
     0 | D:1      | karlkraus the Minotaur Fighter began the quest for the Orb.
     0 | D:1      | Reached XP level 1. HP: 19/19 MP: 0/0
   169 | D:1      | Reached XP level 2. HP: 27/27 MP: 1/1
   200 | D:1      | Reached skill level 4 in Shields
   489 | D:1      | Reached XP level 3. HP: 31/33 MP: 2/2
   774 | D:2      | Found a burning altar of Makhleb.
   778 | D:2      | Noticed a cacodemon
   782 | D:2      | Noticed a neqoxec
   782 | D:2      | Noticed a ynoxinul
   784 | D:2      | Became a worshipper of Makhleb the Destroyer
  1307 | D:2      | Reached XP level 4. HP: 35/40 MP: 3/3
  1313 | D:2      | Reached skill level 1 in Dodging
  1522 | D:3      | Acquired Makhleb's first power
  1619 | D:3      | Found an iron altar of Okawaru.
  1761 | D:3      | Noticed Grinder
  1761 | D:3      | Noticed a centaur
  1765 | D:3      | Reached XP level 5. HP: 28/46 MP: 4/4
  1767 | D:3      | Killed Grinder
  1767 | D:3      | Reached skill level 5 in Armour
  1767 | D:3      | Reached skill level 5 in Shields
  1767 | D:3      | Reached XP level 6. HP: 31/52 MP: 5/5
  1770 | D:3      | Killed a centaur
  2927 | D:4      | Found an opulent altar of Gozag.
  3078 | D:4      | Acquired Makhleb's second power
  3084 | D:4      | Reached XP level 7. HP: 52/59 MP: 6/6
  3195 | D:4      | Reached skill level 5 in Maces & Flails
  3195 | D:4      | Reached skill level 6 in Armour
  3657 | D:5      | Entered Level 5 of the Dungeon
  3679 | D:5      | Found a stormy altar of Qazlal.
  3732 | D:5      | Reached skill level 5 in Fighting
  3917 | D:5      | Fell from the grace of Makhleb
  3917 | D:5      | Became a worshipper of Qazlal Stormbringer
  3974 | D:5      | Reached XP level 8. HP: 21/69 MP: 7/7
  3983 | D:5      | HP: 3/69 [killer bee (5)]
  3986 | D:5      | Slain by a killer bee

Vault maps used:
D:1:      dpeg_arrival_arbitrary_b, minmay_misc_feat_alley,
          grunt_decor_resistance, serial_bayou_ford_a, roderic_serpentine_path
D:2:      makhleb_altar_promises_db
D:3:      first_bread, serial_co_window_serial, co_window_corner_a,
          co_window_corner_a, co_window_corner_a, co_window_paths_a,
          co_window_of_opportunity_a, co_window_corner_a, co_window_paths_a,
          co_window_of_opportunity_b, co_window_corner_cb, co_window_broadway_c,
          co_window_corner_b, co_window_broadway_b, co_window_cross_4,
          co_window_corner_b, co_window_4corner_a, glass_columns_a,
          glass_columns_a, serial_park_tiny_2, okawaru_gym_becter, uniq_grinder
D:4:      hangedman_abyss_or_decor_stagger, nicolae_gozag_seed_capital
D:5:      basic_altar, dk_noncrumbling_4, trog_hazing_becter

Action                   |  1- 3 |  4- 6 |  7- 9 || total
-------------------------+-------+-------+-------++-------
Melee: Flail             |    94 |    92 |   134 ||   320
  Use: Potion            |       |     1 |       ||     1
       Scroll            |       |     2 |       ||     2
  Eat: Chunk             |     1 |     4 |     3 ||     8
